 Dungeon Crawl Stone Soup version 0.25-a0-289-g406d6369f5 (webtiles) character file.

Game seed: 13115366057219461286, levelgen mode: deterministic

53 MoonlitKnight the Sneak (level 3, 0/24 HPs)
             Began as a Vampire Assassin on Dec 12, 2019.
             Slain by a rat (3 damage)
             ... on level 2 of the Dungeon.
             The game lasted 00:03:07 (1148 turns).

MoonlitKnight the Sneak (Vampire Assassin)          Turns: 1148, Time: 00:03:07

Health: 0/24       AC:  3    Str: 10    XL:     3   Next: 62%
Magic:  3/3        EV: 13    Int: 13    God:
Gold:   67         SH:  0    Dex: 16    Spells: 2/2 levels left

rFire    . . .     SeeInvis +   a - +2 dagger
rCold    . . .     Gourm    .   (no shield)
rNeg     . . .     Faith    .   b - +0 robe
rPois    .         Spirit   .   (no helmet)
rElec    .         Reflect  .   c - +0 cloak
rCorr    .         Harm     .   (no gloves)
MR       .....                  (no boots)
Stlth    +++.......             (no amulet)
HPRegen  0.28/turn              (no ring)
MPRegen  0.08/turn              (no ring)

@: regenerating quickly
A: no food, fangs 3, see invisible, [frail 1], unbreathing
a: Exsanguinate


You were on level 2 of the Dungeon.
You were alive.

You visited 1 branch of the dungeon, and saw 2 of its levels.

You collected 67 gold pieces.

Inventory:

Hand Weapons
 a - a +2 dagger (weapon)
Missiles
 d - 8 poisoned darts (quivered)
 e - 2 curare-tipped darts
 k - 2 boomerangs
 l - a throwing net
Armour
 b - a +0 robe (worn)
 c - a +0 cloak (worn)
Jewellery
 g - an uncursed ring of poison resistance
 h - an uncursed ring of wizardry {unknown}
 i - a cursed ring of teleportation {unknown}
Scrolls
 f - a scroll of enchant weapon {unknown}
Potions
 j - a potion of invisibility {unknown}


   Skills:
 - Level 1.7 Fighting
 + Level 3.1 Short Blades
 - Level 1.5 Throwing
 + Level 2.3 Dodging
 + Level 6.7 Stealth


You had 2 spell levels left.
You didn't know any spells.
Your spell library was empty.

Dungeon Overview and Level Annotations

Branches:
Dungeon (2/15)

Altars:


Innate Abilities, Weirdness & Mutations

You do not eat.
Your natural rate of healing is unusually fast.
You have razor-sharp teeth.
You have supernaturally acute eyesight. (SInv)
You can survive without breathing.
[You are frail. (-10% HP)]


Message History

You hit the ice beast but do no damage.
The ice beast hits you but does no damage.
The ice beast hits you. The ice beast freezes you!
Ouch! That really hurt!
You hit the ice beast.
The ice beast is lightly wounded.
The ice beast barely misses you.
Found 5 gold pieces.
You hit the ice beast but do no damage.
The ice beast is lightly wounded.
You hit the ice beast but do no damage.
The ice beast is lightly wounded.
The ice beast hits you but does no damage.
The rat closely misses you.
You completely miss the rat. You bite the rat.
The rat is severely wounded.
The ice beast hits you. The ice beast freezes you.
* * * LOW HITPOINT WARNING * * *
The rat bites you.
You die...

.............†..............
....)†......................
..........##.).<............
..>.......##.)......$.......
..............###..!........
.........##.................
.....................#.##...
#........#####.rY.......# ..
#........# #..@......... .
########.# #.............
#.# #............. #.#
#...<......!.. #.#
.........##..#.
.#.###......# .$. . ##......
.. ........


You could see an ice beast and a rat.

Vanquished Creatures
  An adder (D:2)
  2 dart slugs (D:1)
  A leopard gecko (D:1)
  6 goblins
  6 hobgoblins
  3 jackals (D:1)
  6 kobolds (D:1)
  A quokka (D:2)
  4 bats
  3 frilled lizards
  2 rats
35 creatures vanquished.

Notes
Turn   | Place    | Note
-------+----------+-------------------------------------------
     0 | D:1      | MoonlitKnight the Vampire Assassin began the quest for the
                  | Orb.
     0 | D:1      | Reached XP level 1. HP: 16/16 MP: 1/1
   151 | D:1      | Reached skill level 6 in Stealth
   380 | D:1      | Reached XP level 2. HP: 17/17 MP: 2/2
   848 | D:1      | Reached XP level 3. HP: 24/24 MP: 3/3
  1128 | D:2      | Noticed an ice beast
  1148 | D:2      | Slain by a rat

Levels and vault maps discovered:
D:1:      eino_arrival_cavern_b, layout_rooms, chequers_serial_rivers_micro_b
D:2:      layout_rooms

Skill      XL: |  1  2  3 |
---------------+----------+-----
Stealth        | 6 |  6.7
Dodging        | 2 |  2.3
Short Blades   | 3 |  3.1
Fighting       | |  1.7
Throwing       | |  1.5

Action                   || total
-------------------------++-------
Melee: Dagger            ||    96
       Bite              ||     5
 Abil: Exsanguinate      ||     1
       Revivify          ||     1
 Stab: Sleeping          ||     6
       Distracted        ||     1
Armor: Robe              ||    17
Dodge: Dodged            ||    45

Table legend:
 A = Non-vault XP
 B = Vault XP
 C = Vault XP percentage of total XP
 D = Non-vault monster count
 E = Vault monster count
 F = Vault count percentage of total count
                 A         B        C        D         E       F
            +---------+---------+-------+---------+---------+-------
      Total |      76 |       0 |   0.0 |      35 |       0 |   0.0
            +---------+---------+-------+---------+---------+-------
        D:1 |      45 |       0 |   0.0 |      23 |       0 |   0.0
        D:2 |      31 |       0 |   0.0 |      12 |       0 |   0.0
            +---------+---------+-------+---------+---------+-------
